 Dungeon Crawl Stone Soup version 0.31.0-11-ge490571c62 (webtiles) character file.

Game seed: 4922324706212738126

424 Killerpretzel the Changeling (level 6, 0/42 HPs)
             Began as an Octopode Shapeshifter on Feb 9, 2024.
             Was an Initiate of Vehumet.
             Slain by an orc priest
             ... wielding a +0 trident
              (5 damage)
             ... on level 4 of the Dungeon.
             The game lasted 00:12:44 (4013 turns).

Killerpretzel the Changeling (OpSh)                 Turns: 4013, Time: 00:12:44

Health: 0/42       AC:  1    Str: 14    XL:     6   Next: 96%
Magic:  6/6        EV: 14    Int: 12    God:    Vehumet [......]
Gold:   118        SH:  0    Dex: 13    Spells: 5/5 levels left

rFire   . . .        l - +0 spear
rCold   . . .        (no shield)
rNeg    . . .        (helmet currently unavailable)
rPois   .            (no amulet)
rElec   .            e - ring of willpower
rCorr   .            (no ring)
SInv    .            (no ring)
Will    +....        (no ring)
Stlth   ++           (no ring)
HPRegen 0.27/turn    (no ring)
MPRegen 0.10/turn    (no ring)
                     (no ring)

%: no passive effects
@: beast-form
A: beast (slay +2), almost no armour, amphibious, 8 rings, camouflage 1,
gelatinous body 1, (nimble swimmer 1), tentacles
a: Begin Untransformation, Renounce Religion


You were on level 4 of the Dungeon.
You worshipped Vehumet.
Vehumet was noncommittal.
You were a hulking beast.
You visited 1 branch of the dungeon, and saw 4 of its levels.

You collected 118 gold pieces.

Inventory:

Hand Weapons
 l - a +0 spear (weapon)
Missiles
 m - 5 javelins (quivered)
Jewellery
 e - a ring of willpower (left tentacle)
Talismans
 b - a beast talisman
 c - a flux talisman
Potions
 d - a potion of degeneration {unknown}
 f - a potion of mutation {unknown}
 g - 3 potions of enlightenment
 h - 2 potions of curing
 o - a potion of magic {unknown}


   Skills:
 + Level 3.1 Fighting
 + Level 3.5 Dodging
 + Level 4.2 Unarmed Combat
 * Level 5.0 Shapeshifting


You had 5 spell levels left.
You didn't know any spells.
Your spell library contained the following spells:

 Spells                   Type           Power      Damage    Failure   Level
 Apportation              Tloc           0%         N/A       32%         1
 Freeze                   Ice            0%         1d3       32%         1
 Jinxbite                 Hex            0%         N/A       45%         2
 Call Canine Familiar     Summ           0%         N/A       69%         3
 Frozen Ramparts          Ice            0%         1d1       69%         3
 Hailstorm                Conj/Ice       0%         3d5       69%         3
 Sigil of Binding         Hex            0%         N/A       69%         3
 Dimensional Bullseye     Hex/Tloc       0%         N/A       97%         4
 Alistair's Intoxication  Alch           0%         N/A       100%        5
 Haunt                    Necr/Summ      0%         N/A       100%        7
 Borgnjor's Revivificati  Necr           0%         N/A       100%        8
 Death's Door             Necr           0%         N/A       100%        9


Dungeon Overview and Level Annotations

Branches:
Dungeon (4/15)
 Temple: D:4-7

Altars:
Dithmenos
Sif Muna
Vehumet
The Shining One

Shops:
D:1 *


Innate Abilities, Weirdness & Mutations

You are a hulking beast.
Your limbs bulge with bestial killing power. (Slay +2)
You cannot wear most types of armour.
You are amphibious.
You can wear up to eight rings at the same time.
Your skin changes colour to match your surroundings (Stealth+).
Your rubbery body absorbs attacks. (AC +1, EV +1)
((You are camouflaged when in or above water. (Stealth+)))
You have tentacles for arms and can constrict up to eight enemies at once.


Message History

The orc priest looks braver for a moment.
The adder barely misses you.
You hit the adder.
The adder is almost dead.
You feel sick.
The orc priest hits you from afar with a +0 trident.
* * * LOW HITPOINT WARNING * * *
The adder bites you but does no damage.
You hit the adder.
You kill the adder!
Vehumet accepts your kill.
You feel sick.
The orc priest hits you but does no damage.
You hit the hobgoblin.
The hobgoblin is almost dead.
You feel sick.
The orc priest hits you but does no damage.
The hobgoblin hits you but does no damage.
The orc priest hits you but does no damage.
The hobgoblin hits you but does no damage.
You hit the hobgoblin.
You kill the hobgoblin!
Vehumet accepts your kill.
You feel sick.
You are no longer poisoned.
The orc priest hits you but does no damage.
The orc priest hits you but does no damage.
The orc priest hits you but does no damage.
You feel less wooden.
You turn into a hulking beast.
The orc priest barely misses you. The orc priest barely misses you.
Items here: )) [ ††.
You hit the orc priest. You grab the orc priest.
The orc priest is lightly wounded.
You constrict the orc priest. The orc priest barely misses you.
You hit the orc priest.
The orc priest is heavily wounded.
You constrict the orc priest.
The orc priest hits you with a +0 trident.
You die...

##.♣.# ..♣.. .
#.♣.. ..###.♣.#
## ........ ..
#....# .#
#.P.#####..##
#.P....h)...#
#.P.####o..$...
####+##.P.#
.......
..........#
....>.♣
..........#
###....
........_.#
...♣
..........# ...
^.......(.# .♣
##.........P.#


You could see an orc priest.

Vanquished Creatures
  A scorpion (D:4)
  A jelly (D:4)
  4 orc priests
  2 orc wizards (D:3)
  Natasha (thrice) (D:2)
  3 adders
  4 dart slugs (D:1)
  8 orcs
  4 endoplasms
  2 giant cockroaches (D:2)
  7 goblins
  9 hobgoblins
  A quokka (D:1)
  7 ball pythons
  2 frilled lizards (D:1)
  4 kobolds
  5 rats
67 creatures vanquished.

Notes
Turn   | Place    | Note
-------+----------+-------------------------------------------
     0 | D:1      | Killerpretzel the Octopode Shapeshifter began the quest for
                  | the Orb.
     0 | D:1      | Reached XP level 1. HP: 13/13 MP: 1/1
   119 | D:1      | Reached XP level 2. HP: 18/18 MP: 2/2
   382 | D:1      | Reached XP level 3. HP: 18/23 MP: 3/3
   423 | D:1      | Found Galeraz's General Store.
  1330 | D:2      | Reached XP level 4. HP: 23/29 MP: 4/4
  1482 | D:2      | Found a faded altar of an unknown god.
  1612 | D:2      | Noticed Natasha
  1620 | D:2      | Killed Natasha
  1621 | D:2      | Reached skill level 4 in Shapeshifting
  2090 | D:2      | Noticed Natasha
  2096 | D:2      | Killed Natasha
  2097 | D:2      | Reached XP level 5. HP: 28/34 MP: 5/5
  2656 | D:2      | Noticed Natasha
  2666 | D:2      | Killed Natasha
  2798 | D:3      | Reached XP level 6. HP: 17/41 MP: 6/6
  3109 | D:3      | Found a shimmering blue altar of Sif Muna.
  3146 | D:3      | Found a shadowy altar of Dithmenos.
  3146 | D:3      | Found a glowing golden altar of the Shining One.
  3847 | D:4      | Found a radiant altar of Vehumet.
  3855 | D:4      | Became a worshipper of Vehumet
  3999 | D:4      | Reached skill level 5 in Shapeshifting
  4013 | D:4      | Slain by an orc priest

Illustrated notes

Levels and vault maps discovered:
D:1:      heliophobic_arrival_glass_houses, layout_basic, serial_shops,
          nicolae_shop_trees, minmay_pentomino_s2
D:2:      layout_basic, shapermc_ecumenical_altar_mp_urbaneastern, uniq_natasha
D:3:      layout_basic, nicolae_sif_muna_condensation,
          gammafunk_temple_overflow_statue
D:4:      minmay_diamond_boxcup, layout_basic, mainiacjoe_overflow_boulevard,
          serial_forest, infiniplex_forest_lined_room_3,
          infiniplex_forest_zigzag_2, infiniplex_forest_corner_1,
          infiniplex_forest_clump_medium, infiniplex_forest_clump_diagonal,
          infiniplex_forest_lined_corner, infiniplex_forest_straight_2,
          infiniplex_forest_straight_4, infiniplex_forest_lined_corner,
          serial_shops, nicolae_shop_back_alley_shop, kennysheep_little_box

Skill      XL: |  1  2  3  4  5  6 |
---------------+-------------------+-----
Fighting       | 2 3 |  3.1
Shapeshifting  | 4 5 |  5.0
Dodging        | 3 |  3.5
Unarmed Combat | 4 |  4.2

Action                     |  1- 3 |  4- 6 || total
---------------------------+-------+-------++-------
  Melee: Unarmed           |    34 |       ||    34
         Constrict         |    18 |    17 ||    35
         Tentacles         |    16 |    14 ||    30
         Spear             |    34 |    89 ||   123
         Punch             |       |     4 ||     4
  Throw: Javelin           |     4 |     7 ||    11
    Use: Scroll            |       |     6 ||     6
         Potion            |       |     2 ||     2
   Stab: Sleeping          |     3 |     4 ||     7
 Armour: Skin              |    19 |    79 ||    98
  Dodge: Dodged            |    25 |    41 ||    66
